Map: Frostline LE

Players

Spirit (souL)

  • Race: Terran Terran
  • League: Master
  • Spawn Location: 7:00

Serral - Winner!

  • Race: Zerg Zerg
  • League: Master
  • Spawn Location: 1:00

Event: HomeStory Cup XXVI

VOD

Have the link to the VOD?

Description

Time

  • Played on: Dec. 1, 2024, 8:47 a.m.
  • Length: 13:59

All games in this series

Show
View Real Time Build Order
Export as new Build Order

Spirit Terran 

Build Orders: Reaper Expand, Hellion Banshee 

Get SALT Encoding   

  12  0:00  SCV  
  13  0:12  SCV  
  14  0:16  Supply Depot  
  14  0:24  SCV  
  15  0:38  SCV  
  15  0:40  Barracks  
  16  0:45  Refinery  
  16  0:50  SCV  
  17  1:02  SCV  
  18  1:14  SCV  
  19  1:27  Orbital Command  
  19  1:28  Reaper  
  20  1:38  Command Center  
  20  1:47  Supply Depot  
  20  1:52  SCV  
  21  1:59  Marine  
  22  2:04  SCV  
  23  2:11  Factory  
  23  2:17  SCV  
  25  2:24  Barracks Reactor  
  24  2:32  SCV  
  25  2:38  Command Center  
  25  2:45  SCV  
  25  2:47  Refinery  
  26  2:51  Orbital Command  
  26  2:57  SCV  
  27  2:59  Starport  
  27  3:05  Hellion  
  29  3:09  SCV  
  29  3:10  Barracks Tech Lab  
  30  3:17  Hellion  
  30  3:19  SCV  
  33  3:21  SCV  
  34  3:32  SCV  
  34  3:33  SCV  
  36  3:39  Barracks Tech Lab  
  40  3:41  Hellion x2  
  40  3:43  Banshee  
  40  3:44  SCV  
  40  3:45  SCV  
  45  3:51  Orbital Command  
  45  3:56  SCV  
  45  3:57  Stimpack  
  45  3:59  SCV  
  47  4:04  Hellion x2  
  47  4:08  SCV  
  47  4:09  Cloaking Field  
  52  4:11  SCV  
  53  4:17  Supply Depot  
  53  4:18  SCV  
  53  4:20  SCV  
  53  4:23  SCV  
  56  4:29  Banshee  
  56  4:30  SCV  
  60  4:32  SCV  
  60  4:36  Barracks  
  61  4:39  Barracks, SCV  
  61  4:42  Supply Depot, Refinery x2  
  61  4:43  Factory Reactor  
  61  4:45  SCV x2  
  64  4:50  Marine  
  64  4:51  SCV  
  66  4:57  SCV  
  67  5:01  SCV, Engineering Bay  
  67  5:02  Engineering Bay  
  67  5:03  SCV  
  67  5:05  Supply Depot  
  69  5:08  Orbital Command  
  69  5:09  SCV  
  69  5:10  Marine  
  71  5:15  SCV  
  71  5:18  Barracks  
  71  5:19  Barracks  
  73  5:21  SCV  
  73  5:23  Supply Depot  
  73  5:27  SCV  
  74  5:28  Supply Depot, Terran Infantry Armor Level 1, Terran Infantry Weapons Level 1  
  74  5:32  Marine  
  74  5:33  Marine, SCV  
  77  5:35  Siege Tank  
  77  5:37  SCV  
  77  5:38  Starport Reactor  
  77  5:39  SCV  
  77  5:41  Marine, Combat Shield  
  83  5:46  SCV  
  83  5:49  SCV  
  85  5:51  SCV  
  85  5:52  Marine  
  85  5:55  Supply Depot  
  87  5:59  Marine, SCV  
  87  6:00  Marine x2  
  87  6:01  SCV  
  92  6:04  Bunker, Marine  
  92  6:05  SCV  
  92  6:06  Barracks Reactor x2  
  92  6:07  Supply Depot  
  92  6:08  Siege Tank  
  98  6:11  Marine, SCV  
  98  6:13  Supply Depot, SCV  
  98  6:17  Marine x2, Medivac  
  98  6:18  Medivac  
  106  6:20  SCV  
  106  6:23  SCV  
  108  6:25  SCV  
  108  6:29  Marine  
  110  6:33  SCV  
  110  6:35  Supply Depot x2, Refinery  
  110  6:36  Supply Depot  
  110  6:38  Supply Depot, Marine  
  110  6:39  Marine  
  115  6:44  Marine x4, Armory  
  117  6:47  Marine, Factory  
  117  6:48  SCV x2  
  117  6:50  Medivac  
  117  6:53  Medivac  
  124  6:56  Marine  
  129  7:01  Widow Mine x2  
  129  7:05  Command Center  
  129  7:07  Supply Depot  
  129  7:11  Supply Depot  
  129  7:13  Marine, Marauder  
  129  7:14  Marine  
  133  7:19  Marine  
  136  7:22  Widow Mine  
  136  7:27  Widow Mine, Medivac x2  
  137  7:34  Marine x6, Marauder  
  133  7:37  Marine  
  133  7:38  Terran Infantry Weapons Level 2, Factory Tech Lab  
  133  7:43  Terran Infantry Armor Level 2  
  134  7:44  Widow Mine  
  134  7:48  Widow Mine  
  134  7:49  Supply Depot  
  134  7:50  Concussive Shells  
  136  7:52  Marine x6  
  140  8:01  Widow Mine  
  140  8:05  Widow Mine  
  142  8:09  Marine x2, Widow Mine  
  142  8:12  Marine  
  141  8:13  Marauder  
  141  8:18  Medivac  
  141  8:19  Medivac  
  141  8:22  Widow Mine  
  141  8:24  Barracks x2  
  141  8:25  Barracks, Drilling Claws  
  141  8:27  Marine, Widow Mine, Marauder  
  145  8:31  Marine, Widow Mine  
  145  8:33  Marine  
  154  8:34  Marauder  
  154  8:35  Marine  
  155  8:42  Marine  
  155  8:44  Widow Mine  
  155  8:46  Marine x2  
  155  8:48  Widow Mine  
  162  8:49  Marine, Marauder  
  162  8:50  Marine  
  162  8:52  Widow Mine  
  162  8:53  Marine  
  171  8:55  Marauder  
  171  8:56  Medivac x2  
  171  9:00  Marine  
  169  9:04  Marine x2  
  169  9:05  Widow Mine  
  169  9:06  Marine  
  169  9:08  Marine  
  169  9:09  Widow Mine  
  171  9:10  Marine  
  171  9:11  Marine  
  171  9:13  Planetary Fortress, Widow Mine  
  171  9:16  Marine  
  172  9:17  Marine  
  172  9:22  Marine x2  
  173  9:24  Marine  
  173  9:26  Marine, Widow Mine  
  173  9:28  Barracks Tech Lab x2, Marauder  
  173  9:29  SCV  
  173  9:31  Widow Mine  
  182  9:34  SCV  
  182  9:35  Widow Mine  
  182  9:39  Marine x4, Marauder  
  182  9:40  Marine  
  182  9:42  Marine  
  182  9:44  Marine  
  181  9:48  Widow Mine  
  181  9:49  Marauder  
  181  9:51  Marauder x2  
  181  9:52  Widow Mine  
  167  9:56  Marine, Widow Mine  
  167  9:57  Marine x4  
  165  10:00  Marine, Marauder  
  165  10:02  Marine  
  166  10:08  Terran Infantry Weapons Level 3  
  166  10:09  Widow Mine  
  166  10:11  Marauder  
  166  10:12  Marine  
  171  10:14  Marine  
  171  10:15  Bunker  
  171  10:19  Sensor Tower  
  172  10:29  Command Center  
  172  10:31  Sensor Tower  
  172  10:33  Supply Depot  
  172  10:34  Marauder  
  172  10:39  Terran Infantry Armor Level 3  
  172  10:44  Barracks Tech Lab  
  172  10:47  Marine x2  
  172  10:48  Marine  
  172  10:49  Marine  
  171  10:52  Widow Mine  
  171  10:53  Widow Mine, Marauder x2  
  171  10:54  Marine x2, Widow Mine, Marauder  
  171  10:56  Marauder  
  163  11:05  Marine x2  
  163  11:06  Marine x2  
  166  11:12  Marine  
  166  11:13  Marine, Widow Mine  
  166  11:14  Marine, Widow Mine, Marauder x2  
  166  11:15  Widow Mine, Marauder  
  166  11:17  Marauder  
  171  11:39  Orbital Command  
  158  11:41  Marine, Widow Mine, Marauder  
  158  11:42  Marine x3  
  158  11:43  Marine x2, Marauder  
  158  11:44  Widow Mine x2, Marauder x2  
  158  11:45  Marauder  
  142  12:19  Marine  
  142  12:20  Marine  
  139  12:23  Marauder  
  139  12:24  Marine  
  139  12:26  Widow Mine x3, Marauder  
  140  12:32  Marine  
  140  12:34  Marine, Orbital Command  
  140  12:44  Marauder  
  140  12:46  Marine, Marauder  
  140  12:47  Liberator, Widow Mine x2, Marauder  
  140  12:48  Liberator, Widow Mine  
  120  12:52  Marine  
  120  12:54  Marine  
  101  13:03  Marine, Marauder  
  101  13:04  Marauder  
  104  13:09  Widow Mine x3  
  104  13:10  Marauder  
  102  13:16  Marine  
  99  13:25  Marine  
  79  13:30  Widow Mine  
  71  13:37  Marine  
Show
View Real Time Build Order
Export as new Build Order

Serral Zerg - Winner!

Build Orders: Hatch First 

Get SALT Encoding   

  12  0:00  Drone  
  13  0:12  Overlord  
  13  0:16  Drone  
  14  0:30  Drone x2  
  16  0:45  Hatchery  
  16  0:49  Drone  
  16  0:52  Drone  
  16  0:55  Drone  
  18  1:08  Extractor  
  18  1:10  Spawning Pool  
  16  1:13  Drone  
  16  1:16  Drone  
  18  1:27  Drone  
  19  1:38  Drone  
  20  1:48  Drone  
  21  1:56  Queen x2  
  21  1:58  Zergling x2  
  21  1:59  Zergling x2  
  27  2:10  Overlord  
  27  2:11  Metabolic Boost, Drone  
  28  2:26  Hatchery  
  28  2:28  Drone  
  28  2:31  Drone  
  28  2:32  Drone  
  28  2:35  Drone  
  31  2:43  Queen  
  33  2:48  Overlord  
  34  2:51  Drone  
  34  2:54  Drone  
  34  2:55  Drone  
  36  3:05  Overlord  
  36  3:07  Drone x2  
  36  3:08  Drone  
  36  3:12  Drone  
  40  3:14  Queen  
  40  3:16  Drone  
  43  3:22  Queen  
  43  3:25  Drone  
  46  3:28  Drone  
  46  3:33  Drone  
  47  3:39  Overlord, Zergling x2  
  47  3:40  Drone  
  47  3:41  Drone  
  50  3:44  Queen  
  52  3:50  Overlord  
  52  3:54  Zergling x2  
  53  3:56  Drone x4  
  53  4:00  Queen  
  59  4:03  Overlord  
  59  4:06  Overlord  
  59  4:11  Zergling x2  
  59  4:12  Drone x3  
  59  4:15  Drone  
  59  4:16  Drone  
  65  4:19  Drone  
  65  4:22  Queen  
  69  4:24  Drone x2  
  69  4:28  Lair  
  70  4:33  Overlord  
  70  4:35  Zergling x4  
  72  4:38  Drone  
  72  4:40  Drone x3  
  72  4:43  Drone x3  
  79  4:47  Extractor  
  79  4:51  Overlord  
  78  4:53  Zergling x2  
  78  4:55  Spore Crawler, Hatchery  
  78  4:56  Spore Crawler  
  78  4:57  Drone  
  77  5:01  Spore Crawler  
  77  5:04  Queen  
  77  5:05  Drone x2  
  80  5:08  Drone x3  
  80  5:10  Zergling x2  
  80  5:11  Zergling x2  
  85  5:14  Overlord  
  85  5:15  Drone x2  
  85  5:19  Drone  
  85  5:20  Baneling Nest  
  87  5:21  Extractor  
  87  5:22  Extractor, Drone x2  
  87  5:26  Overseer x2  
  87  5:27  Drone x2  
  89  5:29  Drone  
  89  5:31  Overlord  
  89  5:32  Drone  
  89  5:33  Drone  
  92  5:38  Drone x2  
  92  5:40  Evolution Chamber x2  
  92  5:41  Drone x2  
  94  5:43  Drone x2  
  94  5:44  Drone  
  94  5:47  Overlord  
  94  5:49  Drone x2  
  99  5:54  Drone x2  
  98  6:00  Drone x4  
  101  6:04  Centrifugal Hooks  
  101  6:06  Zerg Melee Weapons Level 1  
  101  6:07  Zerg Ground Armor Level 1  
  101  6:09  Drone x4  
  101  6:11  Drone x2  
  107  6:15  Drone  
  107  6:16  Drone  
  109  6:23  Zergling x6  
  112  6:28  Zergling x8  
  112  6:32  Zergling x4  
  118  6:35  Hatchery  
  118  6:37  Hatchery  
  118  6:39  Queen  
  118  6:41  Zergling x6  
  121  6:49  Overlord  
  121  6:50  Baneling x11  
  121  6:52  Overlord  
  121  6:53  Zergling x2  
  121  6:54  Spore Crawler, Zergling x8  
  125  6:58  Zergling x4  
  125  7:01  Overlord x2  
  127  7:05  Baneling x8  
  127  7:09  Zergling x14  
  127  7:12  Zergling x6  
  137  7:19  Queen  
  139  7:25  Zergling x20  
  144  7:31  Zergling x2  
  144  7:36  Baneling x5  
  144  7:37  Baneling x2  
  139  7:38  Extractor  
  139  7:39  Spore Crawler, Extractor  
  139  7:40  Infestation Pit  
  139  7:42  Drone x4  
  139  7:43  Zergling x2, Drone x2  
  142  7:50  Overlord  
  142  7:51  Zergling x2  
  142  7:52  Zergling x18  
  142  7:56  Zergling x4  
  142  7:58  Zergling x4  
  152  8:01  Zergling x4  
  152  8:03  Baneling x6  
  152  8:04  Baneling x2  
  152  8:06  Overseer  
  152  8:08  Zergling x10  
  152  8:09  Zergling x2  
  153  8:15  Zergling x10  
  153  8:19  Hive  
  158  8:21  Drone x2  
  158  8:22  Overlord x2, Drone x3  
  161  8:28  Zergling x4  
  161  8:29  Baneling x11  
  161  8:31  Zerg Melee Weapons Level 2  
  163  8:34  Overlord  
  163  8:38  Zerg Ground Armor Level 2  
  161  8:43  Baneling x3  
  161  8:44  Zergling x20  
  161  8:48  Overseer  
  171  8:50  Pneumatized Carapace  
  171  8:52  Baneling  
  171  8:53  Zergling x4  
  171  8:54  Zergling x20  
  181  8:56  Baneling x3  
  181  9:00  Zergling x6  
  167  9:04  Zergling x12  
  167  9:10  Zergling x14  
  167  9:13  Baneling x3  
  167  9:14  Baneling x8  
  167  9:17  Queen  
  168  9:18  Zergling x10  
  174  9:25  Queen  
  174  9:26  Queen  
  174  9:30  Adrenal Glands  
  178  9:32  Queen x2  
  178  9:33  Zergling x2  
  178  9:34  Extractor  
  179  9:39  Zergling x16  
  178  9:45  Zergling x12  
  178  9:46  Zergling x4  
  175  9:53  Zergling x18  
  182  10:04  Zergling x28  
  191  10:13  Zergling x12  
  191  10:18  Baneling x2  
  191  10:19  Baneling x10  
  191  10:22  Baneling x4  
  191  10:32  Zergling x8  
  195  10:39  Overseer  
  195  10:42  Hatchery  
  177  10:50  Zergling x4  
  177  10:51  Zergling x44  
  177  10:55  Zerg Melee Weapons Level 3, Zerg Ground Armor Level 3  
  186  11:03  Viper x2  
  186  11:04  Viper  
  189  11:06  Baneling  
  189  11:07  Baneling x9  
  189  11:10  Drone x2  
  189  11:11  Drone  
  190  11:18  Zergling x16  
  195  11:22  Burrow  
  180  11:35  Zergling x24  
  180  11:36  Zergling x2  
  180  11:37  Baneling x5, Hatchery  
  180  11:50  Zergling x16  
  178  12:00  Hatchery  
  177  12:05  Overseer  
  168  12:09  Overlord  
  168  12:11  Zergling x28  
  179  12:23  Drone  
  179  12:24  Spore Crawler  
  179  12:25  Zergling x2  
  179  12:26  Zergling x18  
  187  12:38  Baneling x10  
  187  12:40  Zergling x22  
  190  12:49  Zergling x20  
  158  12:53  Zergling x2  
  158  12:56  Zergling x2  
  158  12:58  Zergling x4  
  158  13:02  Zergling x6  
  158  13:05  Zergling x2  
  162  13:10  Zergling x10  
  161  13:14  Zergling x2  
  161  13:17  Zergling x2  
  158  13:20  Zergling x2  
  158  13:21  Zergling x8  
  156  13:27  Zergling x4  
  156  13:28  Baneling  
  156  13:29  Baneling x3  
  156  13:33  Zergling x16  
  154  13:39  Zergling x10  
  158  13:41  Zergling x14  
Tags
 
Add a new tag
Caveats
  • Supply blocks, unpowered buildings, or Contaminate may cause inaccurate times.
  • Supply counts are checked every 10 seconds.